 Dungeon Crawl Stone Soup version 0.25.0 (webtiles) character file.

Game seed: 2238215052840400314

143 MDvedh the Chopper (level 5, -4/45 HPs)
             Began as a Hill Orc Monk on June 12, 2020.
             Was a Believer of Beogh.
             Slain by a scorpion (7 damage)
             ... on level 3 of the Dungeon.
             The game lasted 00:04:25 (2633 turns).

MDvedh the Chopper (Hill Orc Monk)                  Turns: 2633, Time: 00:04:26

Health: -4/45      AC: 11    Str: 12 (15) XL:     5   Next: 25%
Magic:  5/5        EV:  7    Int:  9 (10) God:    Beogh [**....]
Gold:   152        SH:  4    Dex: 13 (15) Spells: 4/4 levels left

rFire    . . .     SeeInvis .   a - +0 hand axe
rCold    + . .     Gourm    .   i - +0 buckler
rNeg     . . .     Faith    .   v - +2 chain mail {rC+}
rPois    .         Spirit   .   (no helmet)
rElec    .         Reflect  .   w - +0 cloak
rCorr    .         Harm     .   (no gloves)
MR       .....                  (no boots)
Stlth    ..........             (no amulet)
HPRegen  0.15/turn              (no ring)
MPRegen  0.09/turn              (no ring)

@: mighty, lethally poisoned (-4 -> -20)
A: repulsion field 1, agile 1
a: Smiting, Renounce Religion


You were on level 3 of the Dungeon.
You worshipped Beogh.
Beogh was pleased with you.
You were not hungry.

You visited 1 branch of the dungeon, and saw 4 of its levels.

You collected 152 gold pieces.

Inventory:

Hand Weapons
 a - a +0 hand axe (weapon)
Missiles
 s - a throwing net (quivered)
Armour
 b - a +0 robe
 e - a +0 scale mail
 i - a +0 buckler (worn)
 v - a +2 chain mail of cold resistance (worn)
 w - a +0 cloak (worn)
Wands
 q - a wand of clouds (2)
Scrolls
 d - a scroll of blinking {unknown}
 f - 3 scrolls of identify {unknown}
 m - a scroll of remove curse {unknown}
 o - 2 scrolls of amnesia {unknown}
 r - 2 scrolls of fog {unknown}
 t - a scroll of teleportation {unknown}
Potions
 h - a potion of degeneration
 k - a potion of lignification {unknown}
 p - 2 potions of brilliance
Comestibles
 c - 3 rations
 j - 2 chunks of flesh


   Skills:
 - Level 3.6 Fighting
 + Level 5.9 Axes
 - Level 2.4 Dodging
 + Level 3.3 Stealth
 + Level 1.2 Shields


You had 4 spell levels left.
You didn't know any spells.
Your spell library was empty.

Dungeon Overview and Level Annotations

Branches:
Dungeon (4/15)
 Temple: D:4-7

Altars:
Ru

Annotations:
D:3 3 runed translucent doors, gruber's ghost, amateur MiFi


Innate Abilities, Weirdness & Mutations

You are surrounded by a mild repulsion field. (EV +2)
You are agile. (Dex +2)


Message History

You are more poisoned.
The scorpion poisons you!
It was a potion of mutation.
You feel extremely strange.
You feel agile.
You begin to radiate repulsive energy.
* * * LOW HITPOINT WARNING * * *
You feel sick.
The scorpion stings you but does no damage.
Unknown command.
It was a potion of cancellation.
Your magical effects are unravelling.
You feel magically purged.
You feel a little less clever now.
* * * LOW HITPOINT WARNING * * *
You feel sick.
The scorpion stings you but does no damage.
It was a potion of might.
You feel very mighty all of a sudden.
* * * LOW HITPOINT WARNING * * *
You feel sick. The scorpion stings you!
You die...

#.#.# #.#...##.# #.#.###........#
.# #.#........<.... #.#
#.########.##### #.# #.# #.# #
#.# #.# #.# # #.# #######.##
##'## # ###.#######...(....##
##...## # #<..>.....#.###@#.#.#
##.....###
#....####.#.##.s..#.###.......##
##.....###.#.##....#.##.........#
...........(..()..)...'.........)
##.......#.#.#.#...####.........#
#......##.#......## ##.......##
#.#...###.###.#### ##.....##
#.##..###.# #.# ##...##
#.........# #.# ##...##


You could see a scorpion.

Vanquished Creatures
  6 adders
  An ooze (D:1)
  An adder skeleton (D:3)
  A worm (D:2)
  2 dart slugs
  4 leopard geckos
  5 orcs (D:3)
  10 bats
  5 giant cockroaches
  6 goblins
  10 hobgoblins
  5 kobolds
  A quokka (D:3)
  4 frilled lizards
  3 rats (D:2)
64 creatures vanquished.

Vanquished Creatures (others)
  An orc (D:4)
1 creature vanquished.

Grand Total: 65 creatures vanquished

Notes
Turn   | Place    | Note
-------+----------+-------------------------------------------
     0 | D:1      | MDvedh the Hill Orc Monk began the quest for the Orb.
     0 | D:1      | Reached XP level 1. HP: 19/19 MP: 1/1
    81 | D:1      | Reached XP level 2. HP: 26/26 MP: 2/2
   738 | D:1      | Reached XP level 3. HP: 26/31 MP: 3/3
   962 | D:1      | Reached skill level 5 in Axes
  1267 | D:2      | Found a sacrificial altar of Ru.
  1357 | D:2      | Reached XP level 4. HP: 39/39 MP: 4/4
  2249 | D:3      | Reached XP level 5. HP: 45/45 MP: 5/5
  2288 | D:3      | Reached skill level 1 in Shields
  2355 | D:3      | Found a runed translucent gate.
  2357 | D:3      | Noticed gruber's ghost (amateur MiFi)
  2359 | D:3      | Found a runed translucent gate.
  2359 | D:3      | Found a runed translucent gate.
  2611 | D:4      | Became a worshipper of Beogh the Brigand
  2611 | D:4      | Reached * piety under Beogh
  2611 | D:4      | Reached ** piety under Beogh
  2631 | D:3      | Gained mutation: You are agile. (Dex +2) [potion of
                  | mutation]
  2631 | D:3      | Gained mutation: You are surrounded by a mild repulsion
                  | field. (EV +2) [potion of mutation]
  2633 | D:3      | Slain by a scorpion

Illustrated notes

Levels and vault maps discovered:
D:1:      scummos_arrival_checkerplants, layout_loops_ring
D:2:      wander_river, layout_rooms, nicolae_ru_path_of_blood
D:3:      layout_loops_corners, gammafunk_ghost_split
D:4:      layout_cave_pools, lemuel_blue_sif_altar, minmay_temple_entry_statues,
          first_ration, serial_shops, shop, kennysheep_generic_room_15

Skill      XL: |  1  2  3  4  5 |
---------------+----------------+-----
Stealth        | 2 3 |  3.3
Axes           | 5 |  5.9
Shields        | 1 |  1.2
Fighting       | |  3.6
Dodging        | |  2.4

Action                   |  1- 3 |  4- 6 || total
-------------------------+-------+-------++-------
Melee: Hand axe          |   125 |   154 ||   279
Invok: Convert to Beogh  |       |     1 ||     1
  Use: Potion            |     1 |     6 ||     7
 Stab: Sleeping          |     2 |       ||     2
  Eat: Chunk             |     2 |     4 ||     6
Armor: Robe              |    21 |       ||    21
       Scale mail        |    17 |    57 ||    74
       Chain mail        |       |    12 ||    12
Dodge: Dodged            |   102 |    68 ||   170
Block: Buckler           |    11 |    27 ||    38
